 Dungeon Crawl Stone Soup version 0.28.0-53-g5a82cb258f (webtiles) character file.

Game seed: 10637069515292823087

68 Infinimo the Skirmisher (level 4, -2/48 HPs)
             Began as an Ogre Gladiator on June 3, 2022.
             Slain by a black bear (6 damage)
             ... on level 2 of the Dungeon.
             The game lasted 00:02:19 (2215 turns).

Infinimo the Skirmisher (Ogre Gladiator)            Turns: 2215, Time: 00:02:20

Health: -2/48      AC:  4    Str: 20    XL:     4   Next: 19%
Magic:  4/4        EV: 10    Int:  9    God:
Gold:   72         SH:  0    Dex: 10    Spells: 3/3 levels left

rFire   . . .      SeeInvis +   f - +2 short sword (venom)
rCold   . . .      Faith    .   (no shield)
rNeg    . . .      Spirit   .   b - +0 robe
rPois   .          Reflect  .   k - +1 hat
rElec   .          Harm     .   (no cloak)
rCorr   +          Rampage  .   (gloves unavailable)
Will    .....                   (boots unavailable)
Stlth   +.........              (no amulet)
HPRegen 0.16/turn               e - ring of resist corrosion
MPRegen 0.09/turn               g - ring of see invisible

@: weak-willed
A: large, unfitting armour, tough skin 1
a: no special abilities


You were on level 2 of the Dungeon.
You visited 1 branch of the dungeon, and saw 3 of its levels.

You collected 72 gold pieces.

Inventory:

Hand Weapons
 a - a +0 flail
 f - a +2 short sword of venom (weapon)
Missiles
 d - 3 throwing nets (quivered)
Armour
 b - a +0 robe (worn)
 k - a +1 hat (worn)
Jewellery
 e - a ring of resist corrosion (left hand)
 g - a ring of see invisible (right hand)
Scrolls
 h - a scroll of identify
 j - a scroll of teleportation {unknown}
 l - a scroll of blinking {unknown}
Potions
 i - a potion of lignification


   Skills:
 + Level 3.7 Fighting
 * Level 3.7 Maces & Flails
 - Level 2.0 Throwing
 + Level 3.1 Dodging


You had 3 spell levels left.
You didn't know any spells.
Your spell library contained the following spells:

 Spells                   Type           Power      Damage    Failure   Level
 Static Discharge         Conj/Air       0%         N/A       52%         2
 Dispel Undead            Necr           0%         3d6       99%         4
 Sticky Flame             Conj/Fire      0%         2d3       99%         4


Dungeon Overview and Level Annotations

Branches:
Dungeon (3/15)

Altars:
Makhleb

Annotations:
D:3 Robin


Innate Abilities, Weirdness & Mutations

You are too large for most types of armour.
You have tough skin. (AC +1)


Message History

The black bear claws you but does no damage.
The hobgoblin hits you. The goblin barely misses you.
The goblin hits you but does no damage.
You climb upwards.
There is a stone staircase leading down, spattered with blood here.
Unknown command.
You hit the goblin.
You kill the goblin!
The black bear bites you. The black bear claws you.
The black bear barely misses you. The black bear bites you!
The black bear claws you. The black bear closely misses you.
Unknown command.
You barely miss the goblin. The goblin barely misses you.
The black bear bites you! The black bear claws you.
* * * LOW HITPOINT WARNING * * *
The black bear claws you but does no damage.
Unknown command.
Okay, then.
Unknown command.
You hit the goblin.
The goblin is poisoned.
The goblin is moderately wounded.
The goblin hits you but does no damage. The black bear bites you.
* * * LOW HITPOINT WARNING * * *
The black bear claws you.
* * * LOW HITPOINT WARNING * * *
The black bear claws you.
* * * LOW HITPOINT WARNING * * *
Unknown command.
Okay, then.
As you read the scroll labelled QAUFATZ MINE, it crumbles to dust.
Magic quickly surges around you.
It was a scroll of vulnerability.
The goblin closely misses you. The black bear barely misses you.
The black bear claws you.
* * * LOW HITPOINT WARNING * * *
The black bear claws you but does no damage.
You hit the goblin.
The goblin looks as sick as possible!
The goblin is severely wounded.
You kill the goblin!
The black bear bites you.
You die...

#.# ###### #[# ######
####.####..... #............>
###.##.##...##.. #####
#......##...##.# #...#
#.#.##.....<##.#
#.#.#####.#.##.##.#.....
#######.#..gh@).......#.####.#
#.......#######.#.......# ##.#
####.#############.##....###
#... ......# #............#
#... ####..#### #.####..##.#.#
#... ####.....####.# #..##.#.#
#... ##....##......#
#.......#####...
##.##.##......#
##.##.##........
##.##.##.._...#
#.##...........


You could see a black bear (weak-willed) and a hobgoblin (weak-willed).

Vanquished Creatures
  2 adders (D:2)
  A worm (D:2)
  2 endoplasms
  2 giant cockroaches
  7 goblins
  3 hobgoblins
  7 jackals
  3 quokkas (D:1)
  7 ball pythons
  3 bats (D:1)
  A frilled lizard (D:1)
  4 kobolds
  3 rats (D:1)
45 creatures vanquished.

Notes
Turn   | Place    | Note
-------+----------+-------------------------------------------
     0 | D:1      | Infinimo the Ogre Gladiator began the quest for the Orb.
     0 | D:1      | Reached XP level 1. HP: 22/22 MP: 1/1
    53 | D:1      | Reached XP level 2. HP: 29/29 MP: 2/2
   925 | D:1      | Reached XP level 3. HP: 35/37 MP: 3/3
  1594 | D:2      | Found a burning altar of Makhleb.
  1737 | D:2      | Reached XP level 4. HP: 41/48 MP: 4/4
  2146 | D:3      | Noticed a black bear
  2147 | D:3      | Noticed Robin
  2215 | D:2      | Slain by a black bear

Illustrated notes

Levels and vault maps discovered:
D:1:      ebering_trefoil_twist, layout_basic
D:2:      layout_loops_cross, basic_altar, nrook_loot_triangle,
          grunt_decor_resistance
D:3:      layout_rooms, uniq_natasha, uniq_robin

Skill      XL: |  1  2  3 |
---------------+----------+-----
Fighting       | 3 |  3.7
Maces & Flails | 3 |  3.7
Dodging        | 3 |  3.1
Throwing       | |  2.0

Action                   |  1- 3 |  4- 6 || total
-------------------------+-------+-------++-------
Melee: Flail             |    60 |       ||    60
       Punch             |     2 |       ||     2
       Short sword       |    35 |    15 ||    50
  Use: Scroll            |     1 |     1 ||     2
 Stab: Sleeping          |       |     1 ||     1
Armor: Robe              |    30 |     9 ||    39
Dodge: Dodged            |    47 |    21 ||    68
